PCL
DISTRICT 9 PRAWNS @ REDWOOD CITY REDWOODS
08/01/2030
 
TOP OF THE 1ST
District 9 Prawns batting - Pitching for Redwood City Redwoods : RHP Juan Caballero
Pitching: RHP Juan Caballero
Batting: SHB Júlio Macías 0-0: Ball
1-0: Called Strike
1-1: Called Strike
1-2: Foul Ball, location: 2F
1-2: Strikes out swinging
Batting: SHB David Boyle 0-0: Called Strike
0-1: Ball
1-1: Ball
2-1: Ball
3-1: Foul Ball, location: 2F
3-2: Base on Balls
Batting: LHB Terry Simpson 0-0: Ball
1-0: Fly out, F6 (Popup, 4MD)
Batting: LHB Mike Davis 0-0: Swinging Strike
0-1: Ball
1-1: Ball
2-1: Ball
David Boyle is caught stealing 2nd base
Top of the 1st over - 0 runs, 0 hits, 0 errors, 0 left on base; District 9 0 - Redwood City 0
BOTTOM OF THE 1ST
Redwood City Redwoods batting - Pitching for District 9 Prawns : RHP Isaac Pope
Pitching: RHP Isaac Pope
Batting: RHB Jason Blair 0-0: Fly out, F4 (Line Drive, 4)
Batting: LHB Nicholas Alston 0-0: Called Strike
0-1: Ball
1-1: Ball
2-1: Swinging Strike
2-2: Ball
3-2: Strikes out swinging
Batting: LHB Vicente Chávez 0-0: Swinging Strike
0-1: Ball
1-1: Ball
2-1: Swinging Strike
2-2: Foul Ball, location: 2F
2-2: Strikes out looking
Bottom of the 1st over - 0 runs, 0 hits, 0 errors, 0 left on base; District 9 0 - Redwood City 0
TOP OF THE 2ND
District 9 Prawns batting - Pitching for Redwood City Redwoods : RHP Juan Caballero
Batting: LHB Mike Davis 0-0: Ball
1-0: Ball
2-0: Ball
3-0: Called Strike
3-1: Base on Balls
Batting: SHB Chris Barrett Balk!
Mike Davis to second
0-0: Ball
1-0: Ball
2-0: Ball
3-0: Base on Balls
Batting: LHB Manuel Cardenas 0-0: Foul Ball, location: 2F
0-1: Ball
1-1: Foul Ball, location: 2F
1-2: Ball
2-2: Strikes out swinging
Batting: RHB José Colón 0-0: Ball
1-0: Called Strike
1-1: SINGLE (Groundball, 6MD)
Mike Davis to third
Chris Barrett to second
Runner from 3rd tries for Home, SAFE, no throw
Batting: LHB António Romo 0-0: Ball
1-0: Ball
2-0: Ball
3-0: Base on Balls
Chris Barrett to third
José Colón to second
Batting: RHB Bernardo Corona 0-0: Called Strike
0-1: Swinging Strike
0-2: Fly out, F8 (Flyball, 8RD)
Runner from 3rd tags up, SCORES, throw made
Batting: SHB Júlio Macías 0-0: Ball
1-0: Ball
2-0: Ball
3-0: Base on Balls
José Colón to third
António Romo to second
Batting: SHB David Boyle 0-0: Fly out, F5 (Popup, 56)
Top of the 2nd over - 2 runs, 1 hit, 0 errors, 3 left on base; District 9 2 - Redwood City 0
BOTTOM OF THE 2ND
Redwood City Redwoods batting - Pitching for District 9 Prawns : RHP Isaac Pope
Batting: LHB Doug Thompson 0-0: Foul Ball, location: 2F
0-1: Ball
1-1: Ball
2-1: Ball
3-1: Foul Ball, location: 2F
3-2: Base on Balls
Batting: LHB Keith Green 0-0: Ball
1-0: Ball
2-0: Called Strike
2-1: Foul Ball, location: 2F
2-2: Ball
3-2: SINGLE (Line Drive, 9LM)
Doug Thompson to second
Batting: RHB Luis Miguel Sánchez 0-0: Fielders Choice at 2nd, 3-6 (Groundball, 34)
Doug Thompson to third
Batting: RHB Eugene Allen 0-0: Ball
1-0: Swinging Strike
1-1: Foul Ball, location: 2F
1-2: TRIPLE (Flyball, 9D)
Doug Thompson scores
Luis Miguel Sánchez scores
Batting: RHB Juan Reyes 0-0: Called Strike
0-1: Ball
1-1: Foul Ball, location: 2F
1-2: Foul Ball, location: 2F
1-2: Foul Ball, location: 2F
1-2: Ball
2-2: Foul Ball, location: 2F
2-2: Ball
3-2: Ground out 6-3 (Groundball, 6M)
Eugene Allen scores
Batting: RHB Jesús Cuevas 0-0: Ball
1-0: Foul Ball, location: 2F
1-1: Foul Ball, location: 2F
1-2: Fly out, F4 (Popup, 23)
Bottom of the 2nd over - 3 runs, 2 hits, 0 errors, 0 left on base; District 9 2 - Redwood City 3
TOP OF THE 3RD
District 9 Prawns batting - Pitching for Redwood City Redwoods : RHP Juan Caballero
Batting: LHB Terry Simpson 0-0: Called Strike
0-1: Ball
1-1: Ball
2-1: SOLO HOME RUN (Flyball, 8RXD), Distance : 414 ft
Batting: LHB Mike Davis 0-0: Called Strike
0-1: Foul Ball, location: 2F
0-2: SINGLE (Groundball, 6D)
Batting: SHB Chris Barrett 0-0: Ball
1-0: Swinging Strike
1-1: Ball
2-1: Ball
3-1: Base on Balls
Mike Davis to second
Batting: LHB Manuel Cardenas 0-0: Called Strike
0-1: Fly out, F8 (Flyball, 8LM)
Batting: RHB José Colón 0-0: Ball
1-0: Ball
2-0: Ball
3-0: Called Strike
3-1: Grounds into double play, 6-4-3 (Groundball, 6D)
Top of the 3rd over - 1 run, 2 hits, 0 errors, 1 left on base; District 9 3 - Redwood City 3
BOTTOM OF THE 3RD
Redwood City Redwoods batting - Pitching for District 9 Prawns : RHP Isaac Pope
Batting: RHB Jason Blair 0-0: Called Strike
0-1: Called Strike
0-2: Strikes out looking
Batting: LHB Nicholas Alston 0-0: Ball
1-0: Ball
2-0: Foul Ball, location: 2F
2-1: Ground out 4-3 (Groundball, 4)
Batting: LHB Vicente Chávez 0-0: Ground out 4-3 (Groundball, 4)
Bottom of the 3rd over - 0 runs, 0 hits, 0 errors, 0 left on base; District 9 3 - Redwood City 3
TOP OF THE 4TH
District 9 Prawns batting - Pitching for Redwood City Redwoods : RHP Juan Caballero
Batting: LHB António Romo 0-0: Called Strike
0-1: Ball
1-1: Ball
2-1: Foul Ball, location: 2F
2-2: Foul Ball, location: 2F
2-2: Ball
3-2: Strikes out swinging
Batting: RHB Bernardo Corona 0-0: Ball
1-0: Ball
2-0: Ball
3-0: Called Strike
3-1: Fly out, F3 (Popup, 3F)
Batting: SHB Júlio Macías 0-0: Ball
1-0: Ball
2-0: Ball
3-0: Called Strike
3-1: Base on Balls
Batting: SHB David Boyle 0-0: Called Strike
Júlio Macías steals 2nd base
0-1: Ball
1-1: Ground out U3 (Groundball, 3L)
Top of the 4th over - 0 runs, 0 hits, 0 errors, 1 left on base; District 9 3 - Redwood City 3
BOTTOM OF THE 4TH
Redwood City Redwoods batting - Pitching for District 9 Prawns : RHP Isaac Pope
Batting: LHB Doug Thompson 0-0: Called Strike
0-1: Ball
1-1: Ball
2-1: Ball
3-1: Fly out, F8 (Flyball, 8RM)
Batting: LHB Keith Green 0-0: Called Strike
0-1: Fly out, F9 (Flyball, 9D)
Batting: RHB Luis Miguel Sánchez 0-0: Ball
1-0: Ball
2-0: Foul Ball, location: 2F
2-1: Swinging Strike
2-2: Strikes out swinging
Bottom of the 4th over - 0 runs, 0 hits, 0 errors, 0 left on base; District 9 3 - Redwood City 3
TOP OF THE 5TH
District 9 Prawns batting - Pitching for Redwood City Redwoods : RHP Juan Caballero
Batting: LHB Terry Simpson 0-0: Foul Ball, location: 2F
0-1: Swinging Strike
0-2: Strikes out swinging
Batting: LHB Mike Davis 0-0: Ball
1-0: Foul Ball, location: 2F
1-1: Foul Ball, location: 2F
1-2: DOUBLE (Groundball, 3L)
Batting: SHB Chris Barrett 0-0: Ball
1-0: SINGLE (Groundball, 4) (infield hit)
Mike Davis to third
Batting: LHB Manuel Cardenas 0-0: Ball
1-0: Called Strike
1-1: SINGLE (Groundball, 4MD)
Mike Davis scores
Chris Barrett to second
Runner from 2nd tries for 3rd, SAFE, no throw
Pitching: LHP Sam McMillan
Batting: RHB José Colón 0-0: Grounds into double play, 6-4-3 (Groundball, 6MD)
Top of the 5th over - 1 run, 3 hits, 0 errors, 1 left on base; District 9 4 - Redwood City 3
BOTTOM OF THE 5TH
Redwood City Redwoods batting - Pitching for District 9 Prawns : RHP Isaac Pope
Batting: RHB Eugene Allen 0-0: Swinging Strike
0-1: Ball
1-1: Called Strike
1-2: Ball
2-2: Strikes out swinging
Batting: RHB Juan Reyes 0-0: Ball
1-0: Foul Ball, location: 2F
1-1: Ball
2-1: Called Strike
2-2: Foul Ball, location: 2F
2-2: SINGLE (Groundball, 6MD)
Batting: RHB Jesús Cuevas 0-0: Grounds into double play, 6-4-3 (Groundball, 6)
Bottom of the 5th over - 0 runs, 1 hit, 0 errors, 0 left on base; District 9 4 - Redwood City 3
TOP OF THE 6TH
District 9 Prawns batting - Pitching for Redwood City Redwoods : LHP Sam McMillan
Batting: LHB António Romo 0-0: Called Strike
0-1: Foul Ball, location: 2F
0-2: Fly out, F7 (Flyball, 7)
Batting: RHB Bernardo Corona 0-0: Foul Ball, location: 2F
0-1: Ball
1-1: Ball
2-1: Foul Ball, location: 2F
2-2: Ball
3-2: Foul Ball, location: 2F
3-2: Foul Ball, location: 2F
3-2: Base on Balls
Batting: SHB Júlio Macías 0-0: Swinging Strike
0-1: Ground out 5-3 (Groundball, 56S)
Bernardo Corona to second
Batting: SHB David Boyle 0-0: Called Strike
0-1: Foul Ball, location: 2F
0-2: Foul Ball, location: 2F
0-2: Strikes out swinging
Top of the 6th over - 0 runs, 0 hits, 0 errors, 1 left on base; District 9 4 - Redwood City 3
BOTTOM OF THE 6TH
Redwood City Redwoods batting - Pitching for District 9 Prawns : RHP Isaac Pope
Batting: RHB Jason Blair 0-0: Ball
1-0: Called Strike
1-1: Ball
2-1: Swinging Strike
2-2: Foul Ball, location: 2F
2-2: Strikes out looking
Batting: LHB Nicholas Alston 0-0: Ball
1-0: Fly out, F6 (Line Drive, 6M)
Batting: LHB Vicente Chávez 0-0: Ball
1-0: Foul Ball, location: 2F
1-1: Called Strike
1-2: Ball
2-2: Strikes out swinging
Bottom of the 6th over - 0 runs, 0 hits, 0 errors, 0 left on base; District 9 4 - Redwood City 3
TOP OF THE 7TH
District 9 Prawns batting - Pitching for Redwood City Redwoods : LHP Sam McMillan
Batting: LHB Terry Simpson 0-0: Foul Ball, location: 2F
0-1: Ball
1-1: Called Strike
1-2: Ball
2-2: Ball
3-2: Strikes out looking
Batting: LHB Mike Davis 0-0: Fly out, F7 (Flyball, 7LS)
Batting: SHB Chris Barrett 0-0: Called Strike
0-1: Ball
1-1: Ball
2-1: Ball
3-1: Base on Balls
Pinch Hitting: RHB Brady McIntyre 0-0: Called Strike
Throwing error on steal attempt, E2
Chris Barrett to third
0-1: Ground out 6-3 (Groundball, 6)
Top of the 7th over - 0 runs, 0 hits, 1 error, 1 left on base; District 9 4 - Redwood City 3
BOTTOM OF THE 7TH
Redwood City Redwoods batting - Pitching for District 9 Prawns : RHP Isaac Pope
Now at 3B: Jeff Stevenson
Batting: LHB Doug Thompson 0-0: Foul Ball, location: 2F
0-1: Ball
1-1: DOUBLE (Flyball, 8RXD)
Batting: LHB Keith Green 0-0: Called Strike
0-1: Called Strike
0-2: Ball
1-2: Ball
2-2: Strikes out swinging
Pinch Hitting: LHB César Rodríguez 0-0: Ball
1-0: Ground out 1-3 (Groundball, P)
Doug Thompson to third
Batting: RHB Eugene Allen 0-0: Ball
1-0: Foul Ball, location: 2F
1-1: Foul Ball, location: 2F
1-2: Ball
2-2: Strikes out swinging
Bottom of the 7th over - 0 runs, 1 hit, 0 errors, 1 left on base; District 9 4 - Redwood City 3
TOP OF THE 8TH
District 9 Prawns batting - Pitching for Redwood City Redwoods : RHP Wayne Williams
Pitching: RHP Wayne Williams
Now at 2B: Keitaro Suzuki
Batting: RHB José Colón 0-0: Called Strike
0-1: Swinging Strike
0-2: Strikes out swinging
Batting: LHB António Romo 0-0: Ball
1-0: Ball
2-0: Swinging Strike
2-1: Swinging Strike
2-2: Ball
3-2: Base on Balls
Pinch Hitting: LHB Jeff Thompson 0-0: Called Strike
0-1: Ball
1-1: Fielders Choice at 2nd, 4-6 (Groundball, 4)
Batting: SHB Júlio Macías 0-0: Fielders Choice at 2nd, 5-4 (Groundball, 56)
Top of the 8th over - 0 runs, 0 hits, 0 errors, 1 left on base; District 9 4 - Redwood City 3
BOTTOM OF THE 8TH
Redwood City Redwoods batting - Pitching for District 9 Prawns : RHP Isaac Pope
Pitching: RHP Mike Stabler
Now at SS: Jeff Doss
Batting: RHB Juan Reyes 0-0: Swinging Strike
0-1: Ball
1-1: Ball
2-1: Foul Ball, location: 2F
2-2: Strikes out swinging
Batting: RHB Jesús Cuevas 0-0: Fly out, F8 (Flyball, 8LD)
Batting: RHB Jason Blair 0-0: Foul Ball, location: 2F
0-1: Swinging Strike
0-2: Ball
1-2: Strikes out swinging
Bottom of the 8th over - 0 runs, 0 hits, 0 errors, 0 left on base; District 9 4 - Redwood City 3
TOP OF THE 9TH
District 9 Prawns batting - Pitching for Redwood City Redwoods : RHP Wayne Williams
Pitching: RHP Jeff Davis
Batting: SHB David Boyle 0-0: Ball
1-0: Ball
2-0: Fly out, F7 (Flyball, 7)
Batting: LHB Terry Simpson 0-0: Foul Ball, location: 2F
0-1: Ball
1-1: Ball
2-1: Called Strike
2-2: Foul Ball, location: 2F
2-2: Ground out U3 (Groundball, 3)
Batting: LHB Mike Davis 0-0: Ball
1-0: SINGLE (Flyball, 89M)
Batting: SHB Chris Barrett 0-0: Ball
1-0: Ball
2-0: Called Strike
2-1: Fly out, F7 (Flyball, 7)
Top of the 9th over - 0 runs, 1 hit, 0 errors, 1 left on base; District 9 4 - Redwood City 3
BOTTOM OF THE 9TH
Redwood City Redwoods batting - Pitching for District 9 Prawns : RHP Mike Stabler
Pitching: RHP Eddie Huber
Now in LF: Donnie Cunningham
Batting: LHB Nicholas Alston 0-0: Ball
1-0: DOUBLE (Line Drive, 5D)
Batting: LHB Vicente Chávez 0-0: Foul Ball, location: 2F
0-1: Ball
1-1: Swinging Strike
1-2: Ball
2-2: Fly out, F5 (Line Drive, 56)
Batting: LHB Doug Thompson 0-0: SINGLE (Groundball, 4D)
Nicholas Alston to third
Runner from 3rd tries for Home, SAFE, throw made home
Batting: LHB Keith Green 0-0: Called Strike
0-1: Ball
1-1: Foul Ball, location: 2F
1-2: Ball
2-2: Foul Ball, location: 2F
2-2: Grounds into double play, 6-4-3 (Groundball, 6)
Bottom of the 9th over - 1 run, 2 hits, 0 errors, 0 left on base; District 9 4 - Redwood City 4
TOP OF THE 10TH
District 9 Prawns batting - Pitching for Redwood City Redwoods : RHP Jeff Davis
Batting: RHB Jeff Stevenson 0-0: Called Strike
0-1: Fly out, F6 (Line Drive, 6MD)
Batting: RHB José Colón 0-0: Ground out 1-3 (Groundball, P)
Batting: LHB António Romo 0-0: Swinging Strike
0-1: Called Strike
0-2: Foul Ball, location: 2F
0-2: Ball
1-2: SINGLE (Line Drive, 34)
Pinch Runner at 1st Jimmy King:
Batting: LHB Jeff Doss 0-0: Ball
1-0: Foul Ball, location: 2F
1-1: Ball
2-1: 2-RUN HOME RUN (Flyball, 7D), Distance : 357 ft
Batting: SHB Júlio Macías 0-0: Called Strike
0-1: Foul Ball, location: 2F
0-2: Strikes out swinging
Top of the 10th over - 2 runs, 2 hits, 0 errors, 0 left on base; District 9 6 - Redwood City 4
BOTTOM OF THE 10TH
Redwood City Redwoods batting - Pitching for District 9 Prawns : RHP Eddie Huber
Now at C: Edgardo Carrasco
Batting: RHB Keitaro Suzuki 0-0: Ground out 5-3 (Groundball, 56)
Batting: RHB Eugene Allen 0-0: Ball
1-0: Called Strike
1-1: Called Strike
1-2: Strikes out swinging
Batting: RHB Juan Reyes 0-0: Ball
1-0: Fly out, F7 (Flyball, 78D)
Bottom of the 10th over - 0 runs, 0 hits, 0 errors, 0 left on base; District 9 6 - Redwood City 4
Saturday, April 7th, 2018 - OOTP Baseball 18.8 Build 76